 Dungeon Crawl Stone Soup version 0.19-a0-1697-g0595f0e (webtiles) character file.

425 Saways the Chopper (level 7, -5/53 HPs)
             Began as a Human Fighter on Sept 26, 2016.
             Slain by a gnoll
             ... wielding a +0 spear
              (7 damage)
             ... on level 3 of the Dungeon.
             The game lasted 00:03:23 (1955 turns).

Saways the Chopper (Human Fighter)                  Turns: 1955, Time: 00:03:23

Health: -5/53      AC:  8    Str: 17 (19) XL:     7   Next: 18%
Magic:  7/7        EV: 10    Int:  7 (8)  God:
Gold:   196        SH:  0    Dex: 11 (12) Spells: 0 memorised, 6 levels left

rFire  . . .     SeeInvis .     a - +0 war axe
rCold  . . .     Gourm    .     b - +0 scale mail
rNeg   . . .     Faith    .     (no shield)
rPois  .         Spirit   .     (no helmet)
rElec  .         Dismiss  .     (no cloak)
rCorr  .         Reflect  .     (no gloves)
MR     .....     Harm     .     (no boots)
Stlth  ..........               (no amulet)
                                (no ring)
                                (no ring)

@: lethally poisoned (-5 -> -16), very slightly contaminated, hasted, very quick
A: no striking features
a: no special abilities


You were on level 3 of the Dungeon.
You were not hungry.

You visited 1 branch of the dungeon, and saw 3 of its levels.
You visited the Abyss 1 time.

You collected 196 gold pieces.

Inventory:

Hand Weapons
 a - a +0 war axe (weapon)
Armour
 b - a +0 scale mail (worn)
 c - a +0 shield
Scrolls
 g - a scroll of amnesia {unknown}
 k - a scroll of fear
 o - a scroll of enchant weapon {unknown}
 p - 2 scrolls of recharging {unknown}
Potions
 m - a potion of brilliance
 n - a potion of degeneration
Comestibles
 d - a meat ration
 f - 2 bread rations


   Skills:
 + Level 3.9 Fighting
 * Level 5.9 Axes
 + Level 3.9 Armour
 + Level 1.5 Dodging
 - Level 3.0 Shields


You had 6 spell levels left.
You didn't know any spells.

Dungeon Overview and Level Annotations

Branches:
Dungeon (3/15)

Altars:

Annotations:
D:3 Xiguana's ghost, amateur DsCK


Message History

Xiguana's ghost freezes you.
* * * LOW HITPOINT WARNING * * *
You are too injured to fight recklessly!
Unknown command.
You are too injured to fight recklessly!
You are too injured to fight recklessly!
It was a potion of degeneration.
There was something very wrong with that liquid.
You feel weakened.
You feel dopey.
You feel clumsy.
* * * LOW HITPOINT WARNING * * *
You feel sick.
The gnoll hits you from afar with a spear.
* * * LOW HITPOINT WARNING * * *
Okay, then.
Okay, then.
You closely miss Xiguana's ghost.
Xiguana's ghost is severely damaged.
Xiguana's ghost hits you but does no damage.
The gnoll hits you from afar with a spear!
You die...

# # ## #.#. .### ..g ... #.
o5# ##.# ...s#o###..#
...oggW)...# ..####@#?.##
#%..........#####
##.###..........#
###########.# #..#...###.#
รท..<........# #.....># #.
#.#########.###.##...###.##
#..........................
#####.........#.##..####.#
............#.#.##### #.#


You could see Xiguana's ghost, a gnoll, a shadow imp, 3 orcs, a giant cockroach
and 2 hobgoblins.

Vanquished Creatures
  A smoke demon (Abyss:1)
  An orc priest (D:3)
  2 gnolls (D:3)
  An adder (D:2)
  An ooze (D:1)
  A worm (D:2)
  2 dart slugs
  4 leopard geckos
  6 orcs (D:3)
  9 bats
  2 giant cockroaches
  5 goblins
  5 hobgoblins
  4 jackals
  5 kobolds
  A ball python (D:3)
  4 frilled lizards
  4 rats
58 creatures vanquished.

Notes
Turn   | Place    | Note
-------+----------+-------------------------------------------
     0 | D:1      | Saways the Human Fighter began the quest for the Orb.
     0 | D:1      | Reached XP level 1. HP: 18/18 MP: 1/1
    59 | D:1      | Reached XP level 2. HP: 23/24 MP: 2/2
   205 | D:1      | Reached XP level 3. HP: 27/29 MP: 3/3
   706 | D:2      | Reached skill level 3 in Axes
   875 | D:2      | Reached XP level 4. HP: 35/35 MP: 4/4
  1216 | D:3      | Noticed Xiguana's ghost (amateur DsCK)
  1277 | D:3      | Reached XP level 5. HP: 28/41 MP: 5/5
  1518 | D:3      | Cast into level 1 of the Abyss (Xiguana's ghost)
  1527 | Abyss:1  | Noticed a smoke demon
  1541 | Abyss:1  | Killed a smoke demon
  1541 | Abyss:1  | Reached skill level 5 in Axes
  1541 | Abyss:1  | Reached skill level 1 in Dodging
  1541 | Abyss:1  | Reached XP level 6. HP: 48/48 MP: 6/6
  1541 | Abyss:1  | Reached XP level 7. HP: 53/53 MP: 7/7
  1556 | D:3      | Escaped the Abyss
  1954 | D:3      | HP: 1/53 [gnoll/spear (5)]
  1955 | D:3      | Slain by a gnoll

Vault maps used:
D:1:      matt_arrival_los_fun
D:3:      first_bread, hex_large, minmay_surrounded
Abyss:1:  minivault_22

Skill      XL: |  1  2  3  4  5 |
---------------+----------------+-----
Axes           | 3 5 |  5.9
Dodging        | 1 |  1.5
Fighting       | |  3.9
Armour         | |  3.9
Shields        | |  3.0

Action                   |  1- 3 |  4- 6 |  7- 9 || total
-------------------------+-------+-------+-------++-------
Melee: War axe           |   123 |    37 |    49 ||   209
  Use: Scroll            |     5 |       |       ||     5
       Potion            |       |     6 |     2 ||     8
  Eat: Chunk             |       |     2 |       ||     2
       Bread ration      |       |       |     1 ||     1
Armor: Scale mail        |    80 |    12 |    11 ||   103
       Skin              |       |    19 |    47 ||    66
Dodge: Dodged            |    59 |    27 |    21 ||   107
Block: Shield            |    83 |       |       ||    83
